 Seeded DCSS version 0.30.0-13-g156ef70053 (webtiles) character file.

Game seed: 6862222631304461848 (custom seed)

988 Pimp the Insei (level 7, -2/59 HPs)
             Began as a Red Draconian Transmuter on May 17, 2023.
             Was an Initiate of Vehumet.
             Slain by a water moccasin (8 damage)
             ... on level 5 of the Dungeon.
             The game lasted 00:10:24 (4122 turns).

Pimp the Insei (Red Draconian Transmuter)           Turns: 4122, Time: 00:10:24

Health: -2/59      AC:  6    Str:  9 (12) XL:     7   Next: 97%
Magic:  12/12      EV: 13    Int: 13 (15) God:    Vehumet [......]
Gold:   185        SH:  0    Dex: 15 (18) Spells: 3/13 levels left

rFire   + .          .
                       - Unarmed
rCold   . . .        (no shield)
rNeg    . . .        (body armour unavailable)
rPois   .            (helmet restricted)
rElec   .            (no cloak)
rCorr   .            (no gloves)
SInv    .            (no boots)
Will    .....        (no amulet)
Stlth   +            f - +6 ring of dexterity
HPRegen 0.29/turn    (no ring)
MPRegen 0.13/turn

%: no passive effects
@: lethally poisoned (-2 -> -8)
A: breathe fire, AC +6, unfitting armour, fire resistance 1, cold-blooded
a: Breathe Fire, Renounce Religion


You were on level 5 of the Dungeon.
You worshipped Vehumet.
Vehumet was noncommittal.
You visited 2 branches of the dungeon, and saw 6 of its levels.

You collected 185 gold pieces.

Inventory:

Magical Staves
 e - a staff of fire
Jewellery
 f - a +6 ring of dexterity (left hand)
Scrolls
 b - 3 scrolls of teleportation
 d - a scroll of vulnerability
 g - a scroll of magic mapping
 l - a scroll of enchant weapon
Potions
 a - 2 potions of lignification
 h - 3 potions of flight
 i - 2 potions of mutation
 j - a potion of cancellation
 m - a potion of haste
 n - 2 potions of attraction {unknown}


   Skills:
 + Level 4.0 Fighting
 + Level 3.8 Dodging
 * Level 6.1 Unarmed Combat
 + Level 3.8 Spellcasting
 + Level 4.2 Transmutations


You had 3 spell levels left.
You knew the following spells:

 Your Spells              Type           Power      Damage    Failure   Level
a - Beastly Appendage     Tmut           26%        N/A       3%          1
b - Wereblood             Tmut           13%        N/A       6%          2
c - Dragon Form           Tmut           6%         N/A       100%        7

Your spell library contained the following spells:

 Spells                   Type           Power      Damage    Failure   Level
 Spider Form              Tmut/Pois      7%         N/A       26%         3
 Call Imp                 Summ           4%         N/A       32%         2
 Sublimation of Blood     Necr           2%         N/A       32%         2
 Inner Flame              Hex/Fire       2%         N/A       54%         3
 Ice Form                 Ice/Tmut       7%         N/A       65%         4
 Cause Fear               Hex            1%         N/A       91%         4
 Yara's Violent Unravell  Hex/Tmut       3%         3d4       94%         5
 Enfeeble                 Hex            1%         N/A       100%        7
 Spellforged Servitor     Conj/Summ      1%         N/A       100%        7
 Dragon's Call            Summ           1%         N/A       100%        9


Dungeon Overview and Level Annotations

Branches:
Dungeon (5/15)             Temple (1/1) D:4

Altars:
Ashenzari
Hepliaklqana
Kikubaaqudgha
Okawaru
Sif Muna
Trog
Uskayaw
Vehumet
Wu Jian
Xom
Zin
The Shining One


Innate Abilities, Weirdness & Mutations

You can breathe blasts of fire.
Your fiery red scales are hard. (AC +6)
You cannot fit into any form of body armour.
Your flesh is heat resistant. (rF+)
You are cold-blooded and may be slowed by cold attacks.


Message History

You closely miss the water moccasin. Your kick misses the water moccasin.
You feel sick. The water moccasin bites you.
You are lethally poisoned!
The water moccasin poisons you!
The water moccasin bites you but does no damage.
You hit the water moccasin but do no damage.
Your kick misses the water moccasin.
You feel very sick.
The water moccasin completely misses you.
You barely miss the water moccasin. You claw the water moccasin.
The water moccasin is lightly wounded.
* * * LOW HITPOINT WARNING * * *
You feel very sick. The water moccasin misses you.
You completely miss the water moccasin.
You tail-slap the water moccasin, but do no damage.
The water moccasin is lightly wounded.
* * * LOW HITPOINT WARNING * * *
You feel very sick. The water moccasin closely misses you.
Okay, then.
It was a potion of invisibility.
You fade into invisibility!
* * * LOW HITPOINT WARNING * * *
You feel very sick. The water moccasin misses you.
The water moccasin bites you but does no damage.
It was a potion of cancellation.
Your magical effects are unravelling.
You feel magically purged.
Your horns disappear.
Your talons disappear.
You flicker back into view.
* * * LOW HITPOINT WARNING * * *
You feel very sick.
The water moccasin bites you but does no damage.
It was a potion of degeneration.
There was something very wrong with that liquid.
You feel weakened.
You feel dopey.
You feel clumsy.
* * * LOW HITPOINT WARNING * * *
You feel sick. The water moccasin bites you!
You die...

#........#...............#.
##.#....##.................
###..###..###.............
#...###.# ####..........
##...#.).######..........
##....))<>.....##...#.....
#.......†..#..)...###..##.
#..........#......##..##..
#........@S...........#...
###...#.†...............##
###...#................###
#.....##..###.............
#........#.# .... #.......
#..........# ... ....[...
##.......... #. .#....
###..#....#. ###...
........#. ..#...


You could see a water moccasin.

Vanquished Creatures
  Sigmund (D:3)
  A black bear (D:5)
  An ice beast (D:5)
  A scorpion (D:4)
  A howler monkey (D:5)
  5 hounds
  A jelly (D:4)
  An orc priest (D:4)
  Jessica (D:3)
  2 iguanas
  An orc wizard (D:5)
  3 gnolls (D:4)
  11 adders
  An ufetubus (D:5)
  7 dart slugs
  16 orcs
  9 ball pythons
  2 bats (D:1)
  6 endoplasms
  3 giant cockroaches
  5 goblins
  6 hobgoblins
  4 quokkas
  4 frilled lizards
  10 kobolds
  6 rats
109 creatures vanquished.

Notes
Turn   | Place    | Note
-------+----------+-------------------------------------------
     0 | D:1      | Pimp the Draconian Transmuter began the quest for the Orb.
     0 | D:1      | Reached XP level 1. HP: 16/16 MP: 3/3
   261 | D:1      | Reached XP level 2. HP: 23/23 MP: 5/5
   960 | D:2      | Reached XP level 3. HP: 29/29 MP: 4/6
  1213 | D:2      | Reached XP level 4. HP: 27/36 MP: 7/7
  2005 | D:3      | Reached skill level 4 in Unarmed Combat
  2035 | D:3      | Noticed Jessica
  2044 | D:3      | Killed Jessica
  2045 | D:3      | Reached XP level 5. HP: 37/42 MP: 6/8
  2103 | D:3      | Learned a level 2 spell: Wereblood
  2174 | D:3      | Noticed Sigmund
  2195 | D:3      | Killed Sigmund
  2196 | D:3      | Reached XP level 6. HP: 19/50 MP: 8/10
  2759 | D:4      | Identified a scroll of acquirement
  2759 | D:4      | Acquired the Textbook on Loathsome Leadership
  2797 | D:4      | Reached skill level 5 in Unarmed Combat
  3055 | D:4      | Your scales start taking on a fiery red colour.
  3055 | D:4      | Reached XP level 7. HP: 36/57 MP: 11/11
  3055 | D:4      | Gained mutation: Your flesh is heat resistant. (rF+) [Red
                  | Draconian growth]
  3275 | D:4      | Found a staircase to the Ecumenical Temple.
  3308 | Temple   | Entered the Ecumenical Temple
  3321 | Temple   | Became a worshipper of Vehumet
  3526 | D:5      | Entered Level 5 of the Dungeon
  3876 | D:5      | Learned a level 7 spell: Dragon Form
  3945 | D:5      | Reached skill level 6 in Unarmed Combat
  4122 | D:5      | Slain by a water moccasin

Illustrated notes

Levels and vault maps discovered:
D:1:      minmay_arrival_pointy, layout_loops_cross, nicolae_titane
D:2:      layout_basic, nicolae_kite_square_tiling_tiny, minmay_snake_closets
D:3:      layout_rooms, st_stairs_11, hex_tiny, hangedman_decor_points,
          minmay_misc_feat_pillars, kennysheep_generic_room_10, uniq_jessica,
          uniq_sigmund
D:4:      layout_loops_ring, temple_statues, corexii_checkpoint_a,
          nicolae_concentric_dashed_squares_wild
D:5:      layout_cave_pools
Temple:   compressed_dpeg_triangle_lava_temple

Skill      XL: |  1  2  3  4  5  6  7 |
---------------+----------------------+-----
Dodging        | 2 3 |  3.8
Fighting       | 2 3 4 |  4.0
Unarmed Combat | 4 5 6 |  6.1
Spellcasting   | 3 |  3.8
Transmutations | 3 4 |  4.2

Action                     |  1- 3 |  4- 6 |  7- 9 || total
---------------------------+-------+-------+-------++-------
  Melee: Unarmed           |   106 |   148 |    83 ||   337
         Kick              |    11 |    30 |    22 ||    63
         Tailslap          |    13 |    18 |    11 ||    42
         Headbutt          |     5 |    28 |    15 ||    48
         Punch             |     2 |     5 |       ||     7
   Cast: Beastly Appendage |    17 |    25 |    10 ||    52
         Wereblood         |       |     1 |     2 ||     3
    Use: Scroll            |       |     7 |     5 ||    12
         Potion            |       |     1 |     3 ||     4
   Stab: Sleeping          |     4 |     3 |     1 ||     8
 Armour: Skin              |    40 |    40 |    65 ||   145
  Dodge: Dodged            |    79 |    87 |   110 ||   276
